Map: Frozen Temple

Players

GomTang

  • Race: Terran Terran
  • League: Master

Smurficide - Winner!

  • Race: Zerg Zerg
  • League: Master

VOD

Have the link to the VOD?

Description

Time

  • Played on: Nov. 12, 2016, 5:52 a.m.
  • Length: 15:45
Show
View Real Time Build Order
Export as new Build Order

GomTang Terran 

Build Orders: Liberator Opening, Reaper Expand, MMM Bio 

Get SALT Encoding   

  12  0:01  SCV  
  13  0:13  SCV  
  14  0:17  Supply Depot  
  14  0:25  SCV  
  15  0:39  SCV  
  15  0:41  Barracks  
  16  0:47  Refinery  
  16  0:51  SCV  
  17  1:03  SCV  
  18  1:15  SCV  
  19  1:28  Orbital Command  
  19  1:30  Reaper  
  20  1:39  Command Center  
  20  1:48  Refinery  
  20  1:54  SCV  
  21  1:57  Supply Depot  
  21  2:02  Reaper  
  21  2:06  SCV  
  23  2:18  SCV  
  23  2:20  Factory  
  24  2:37  Barracks Reactor  
  24  2:41  SCV  
  25  2:50  Barracks  
  25  2:51  Orbital Command  
  25  2:53  SCV  
  26  3:05  SCV  
  27  3:07  Starport  
  27  3:17  SCV  
  27  3:19  SCV  
  29  3:23  Barracks Tech Lab  
  29  3:28  Liberator  
  29  3:29  SCV  
  29  3:32  Hellion x2  
  34  3:35  SCV  
  34  3:40  Supply Depot  
  35  3:44  Supply Depot, SCV  
  35  3:45  Barracks Reactor  
  39  3:52  SCV  
  39  3:53  Hellion x2  
  44  3:56  SCV  
  45  4:04  SCV  
  45  4:07  Bunker  
  45  4:08  SCV  
  47  4:14  Widow Mine x2  
  47  4:17  SCV  
  52  4:23  Stimpack  
  52  4:27  Engineering Bay, SCV  
  52  4:29  SCV  
  52  4:30  Refinery, Engineering Bay  
  54  4:32  Refinery  
  54  4:40  SCV  
  54  4:41  SCV  
  54  4:42  Starport Reactor, Marine x3  
  54  4:44  Widow Mine  
  61  4:54  SCV  
  62  5:02  Marine  
  62  5:11  Supply Depot  
  62  5:13  Terran Infantry Weapons Level 1, Terran Infantry Armor Level 1, Supply Depot  
  62  5:14  Supply Depot  
  62  5:30  Marine x2  
  62  5:33  Medivac x2, Marine, SCV x2  
  66  5:43  Supply Depot  
  66  5:44  Supply Depot  
  66  5:45  Armory, SCV  
  66  5:48  Marine x2  
  69  5:51  Command Center, Marine  
  70  5:59  Widow Mine x2  
  70  6:03  SCV x2  
  76  6:05  Marine x2  
  76  6:10  Barracks  
  78  6:11  Barracks  
  78  6:19  Medivac  
  78  6:20  Medivac  
  78  6:22  Marine  
  78  6:23  Marine  
  78  6:24  SCV  
  78  6:25  SCV  
  86  6:27  Supply Depot  
  86  6:36  SCV  
  86  6:37  SCV  
  88  6:42  Barracks  
  88  6:43  Barracks x2, Supply Depot  
  73  7:11  Medivac x2  
  73  7:13  Marine x2  
  73  7:14  Marauder  
  77  7:21  Barracks Tech Lab  
  77  7:22  Barracks Reactor  
  77  7:28  Marine  
  78  7:31  Marine  
  78  7:34  Orbital Command, SCV x2  
  81  7:38  Marine x3  
  81  7:41  Medivac x2  
  88  7:44  Refinery  
  88  7:45  Refinery  
  88  7:46  SCV  
  87  7:54  Marine  
  87  7:56  Marine  
  87  7:57  Marine x2  
  88  8:00  Marine  
  88  8:03  SCV x3  
  88  8:05  Barracks Reactor, Barracks Tech Lab x2  
  89  8:06  Combat Shields, Concussive Shells  
  89  8:08  Terran Infantry Armor Level 2  
  89  8:11  Medivac x2  
  89  8:12  Marine  
  94  8:14  Marine  
  94  8:15  SCV  
  94  8:18  Terran Infantry Weapons Level 2  
  96  8:22  Command Center  
  96  8:24  SCV x2  
  96  8:26  Widow Mine  
  101  8:27  Widow Mine, SCV  
  103  8:36  SCV x2  
  103  8:39  SCV  
  103  8:41  Medivac x2  
  110  8:45  Marine x3  
  110  8:46  Marauder x4, Marine  
  122  8:51  Marine x2  
  124  8:58  Supply Depot  
  124  8:59  Supply Depot  
  124  9:01  Supply Depot  
  124  9:04  Marine x2  
  124  9:07  Marauder x2, Widow Mine  
  132  9:12  Marine  
  133  9:19  Marine, Widow Mine  
  133  9:20  Marauder, Supply Depot  
  133  9:21  Supply Depot  
  133  9:22  Marine  
  133  9:23  Marauder, Marine x2  
  143  9:26  Marine  
  143  9:28  Marine x2  
  146  9:34  Marine  
  146  9:37  Marine  
  148  9:41  Marauder  
  148  9:44  Marauder  
  152  9:50  SCV x3  
  155  9:53  Supply Depot  
  155  9:54  Supply Depot  
  155  9:56  Command Center  
  155  10:02  SCV  
  153  10:22  Marine  
  153  10:23  Marine x4  
  153  10:35  Marine x5  
  138  10:40  Marine x2  
  138  10:41  Planetary Fortress  
  138  10:43  SCV x2  
  138  10:44  SCV  
  141  10:55  SCV  
  141  10:56  Refinery x2  
  125  11:09  SCV x3  
  128  11:11  Terran Infantry Weapons Level 3, Terran Infantry Armor Level 3  
  128  11:14  Marine x2  
  128  11:15  Marauder x4, Marine x3  
  141  11:21  SCV x2  
  141  11:24  SCV x2  
  145  11:28  Ghost Academy  
  145  11:30  Starport  
  145  11:31  Fusion Core, Starport  
  145  11:33  Marine, SCV x2  
  145  11:34  Marine x3  
  145  11:35  Marine x2  
  145  11:36  Marauder x2, SCV x2  
  145  11:37  Marauder x2  
  163  11:43  Sensor Tower  
  163  11:51  Marine  
  161  11:58  Marauder x2  
  162  12:16  Liberator  
  162  12:17  Liberator x3  
  162  12:29  Missile Turret  
  138  12:30  Missile Turret x2  
  138  12:31  Marauder, Marine x4  
  138  12:32  Marauder x3, Marine x2  
  142  12:49  Marine x5  
  143  12:51  Marine  
  143  12:53  Marauder x4  
  143  12:58  Widow Mine  
  152  12:59  Liberator  
  152  13:00  Liberator x3  
  154  13:07  Marine x5  
  154  13:09  Marine  
  150  13:14  Marauder x2  
  150  13:15  Marauder x2  
  150  13:18  Orbital Command  
  142  13:24  Marine x2  
  142  13:25  Marine x3  
  145  13:27  Marine  
  146  13:36  Marauder x4  
  147  13:42  Liberator, Marine x2  
  147  13:43  Marine x3  
  147  13:45  Marine  
  139  13:57  Marauder x3  
  139  13:58  Marauder  
  139  14:00  Marine  
  119  14:12  Marine  
  119  14:15  Marine x4  
  95  14:18  Marauder, Marine  
  95  14:19  Marauder x3  
  91  14:24  Widow Mine x2  
  91  14:30  Marine  
  94  14:32  Marine  
  94  14:33  Marine x3  
  94  14:34  Orbital Command  
  94  14:36  Marine  
  95  14:40  Planetary Fortress, Marauder x3, Marine  
  101  15:03  Marine  
  101  15:04  Marine x6  
Show
View Real Time Build Order
Export as new Build Order

Smurficide Zerg - Winner!

Build Orders: Hatch First 

Get SALT Encoding   

  12  0:01  Drone  
  13  0:12  Overlord  
  13  0:17  Drone  
  14  0:31  Drone x2  
  16  0:36  Drone  
  17  0:54  Hatchery  
  16  0:57  Drone  
  16  0:58  Drone  
  16  1:04  Extractor  
  17  1:15  Spawning Pool  
  17  1:18  Drone  
  17  1:21  Drone  
  18  1:29  Drone  
  19  1:41  Overlord  
  19  2:02  Queen, Zergling x4  
  23  2:08  Zergling x2  
  23  2:09  Queen, Metabolic Boost  
  26  2:17  Drone x2  
  28  2:29  Drone x2  
  29  2:40  Drone x2  
  31  2:46  Queen  
  33  2:51  Queen  
  33  2:54  Overlord  
  35  3:02  Zergling x2  
  36  3:11  Overlord  
  36  3:13  Zergling x2  
  36  3:14  Zergling x4  
  36  3:19  Drone x4  
  43  3:37  Drone  
  43  3:38  Drone x4  
  48  3:48  Queen, Hatchery  
  47  3:51  Overlord x2  
  49  3:55  Extractor  
  48  4:06  Drone x4  
  48  4:07  Roach Warren  
  51  4:12  Drone x4  
  55  4:20  Drone  
  56  4:25  Drone x4  
  56  4:30  Overlord  
  60  4:33  Queen  
  60  4:36  Overlord  
  62  4:49  Roach x5  
  72  4:53  Roach  
  72  4:54  Roach  
  72  4:55  Roach  
  77  5:12  Drone x8  
  85  5:21  Spore Crawler  
  81  5:22  Spore Crawler  
  81  5:23  Drone x6  
  85  5:35  Evolution Chamber  
  85  5:40  Evolution Chamber  
  82  5:44  Queen  
  82  5:45  Drone x4  
  88  5:55  Lair  
  88  5:56  Overlord x2  
  88  6:02  Zerg Melee Weapons Level 1  
  88  6:04  Drone  
  88  6:05  Drone  
  88  6:07  Zerg Ground Armor Level 1  
  88  6:08  Overlord x2  
  90  6:18  Drone x4  
  91  6:19  Drone x5  
  91  6:22  Extractor  
  91  6:23  Extractor  
  97  6:27  Baneling Nest  
  95  6:34  Extractor  
  95  6:39  Roach  
  98  6:40  Roach x6  
  98  6:46  Overlord x2  
  100  7:14  Drone  
  100  7:15  Drone x10  
  111  7:23  Hatchery  
  111  7:26  Hatchery  
  109  7:32  Overlord  
  109  7:33  Centrifical Hooks  
  109  7:34  Overlord  
  109  7:35  Infestation Pit, Overlord  
  108  7:43  Zergling x8  
  112  7:57  Zergling x2  
  112  7:58  Zergling x20  
  117  8:03  Zerg Ground Armor Level 2, Zerg Melee Weapons Level 2  
  117  8:08  Queen  
  117  8:10  Queen  
  121  8:16  Overlord x2  
  121  8:18  Drone x7  
  128  8:27  Hive  
  128  8:30  Drone  
  128  8:31  Drone x2  
  131  8:37  Pneumatized Carapace  
  131  8:38  Overseer  
  131  8:46  Overlord  
  131  8:47  Queen  
  133  8:53  Queen  
  135  9:01  Zergling x2  
  135  9:02  Zergling x30  
  151  9:06  Overlord x3  
  151  9:10  Extractor  
  151  9:11  Extractor  
  149  9:17  Drone x3, Extractor  
  149  9:20  Drone x3  
  149  9:21  Drone x2  
  149  9:22  Drone  
  157  9:24  Spore Crawler  
  157  9:25  Spore Crawler  
  157  9:27  Ravager  
  157  9:28  Ravager x9  
  165  9:32  Overlord  
  165  9:33  Baneling  
  165  9:34  Baneling x6  
  165  9:35  Zergling x2  
  165  9:36  Zergling x24  
  178  9:48  Ultralisk Cavern  
  177  9:57  Zergling x14  
  177  9:58  Zergling x12  
  158  10:29  Zergling x2  
  158  10:30  Zergling x34  
  158  10:31  Zergling x4  
  158  10:39  Chitinous Plating  
  158  10:41  Zerg Melee Weapons Level 3, Zerg Ground Armor Level 3  
  156  10:42  Adrenal Glands  
  156  10:43  Drone  
  156  10:44  Drone x9  
  156  10:49  Overseer  
  159  11:07  Spire  
  158  11:12  Spine Crawler x2  
  158  11:17  Ultralisk x4  
  180  11:23  Ultralisk  
  186  11:27  Zergling x28  
  195  11:58  Ultralisk  
  196  12:03  Pathogen Glands  
  196  12:11  Zergling x2  
  196  12:12  Zergling x6  
  196  12:15  Baneling x10  
  200  12:23  Zerg Flyer Weapons Level 1  
  200  12:29  Ultralisk  
  190  12:30  Ultralisk x2  
  186  12:56  Corruptor x7  
  200  13:02  Hatchery  
  200  13:03  Zergling x2  
  199  13:09  Hatchery  
  190  13:16  Corruptor  
  190  13:17  Corruptor x3  
  197  13:20  Zergling x4  
  197  13:21  Zergling x2  
  182  13:43  Ultralisk  
  182  13:44  Ultralisk x2  
  182  13:46  Extractor x2  
  180  13:57  Corruptor x3  
  175  14:03  Extractor x2, Zergling x2  
  175  14:04  Zergling x34  
  175  14:05  Zergling x8  
  194  14:15  Zergling x2  
  194  14:16  Zergling x10  
  194  14:17  Zergling x2  
  180  14:59  Ultralisk  
  198  15:00  Ultralisk x2  
  198  15:02  Zergling x2  
  194  15:24  Zergling x10  
Tags
 
Add a new tag
Caveats
  • Supply blocks, unpowered buildings, or Contaminate may cause inaccurate times.
  • Supply counts are checked every 10 seconds.